 Dungeon Crawl Stone Soup version 0.18-a0-1774-gce1f7b6 (webtiles) character file.

49 epen the Slasher (level 3, -2/48 HPs)
             Began as a Naga Gladiator on Apr 15, 2016.
             Slain by an adder (3 damage)
             ... on level 2 of the Dungeon.
             The game lasted 00:02:39 (1846 turns).

epen the Slasher (Naga Gladiator)                   Turns: 1846, Time: 00:02:40

Health: -2/48      AC: 21    Str: 18    XL:     3   Next: 75%
Magic:  3/3        EV:  1    Int:  8    God:
Gold:   45         SH:  0    Dex: 11    Spells: 0 memorised, 2 levels left

rFire  . . .     SeeInvis +     (no weapon)
rCold  . . .     Gourm    .     (armour currently unavailable)
rNeg   + + +     Faith    .     (no shield)
rPois  +         Spirit   .     (helmet currently unavailable)
rElec  .         Dismiss  .     (cloak currently unavailable)
rCorr  .         Reflect  .     (gloves currently unavailable)
SustAt .         Harm     .     (no barding)
MR     .....     NoTele   +     (no amulet)
Stlth  ++........               (no ring)
                                (no ring)

@: tree-form, not resistant to hostile enchantments, unstealthy
A: see invisible, (deformed body), (poison resistance), (slowness 0), slow
metabolism 1, spit poison 2, AC +1
a: Spit Poison


You were on level 2 of the Dungeon.
You were not hungry.
You were a tree.
You visited 1 branch of the dungeon, and saw 2 of its levels.

You collected 45 gold pieces.

Inventory:

Hand Weapons
 a - a +0 long sword
Missiles
 d - 3 throwing nets (quivered)
Armour
 b - a +0 leather armour
 c - a +0 helmet (melded)
 i - a +0 ring mail of magic resistance (melded)
Scrolls
 e - a scroll of identify
Potions
 k - a potion of resistance
Comestibles
 f - 2 bread rations
 j - a slice of pizza


   Skills:
 - Level 2.0 Fighting
 * Level 3.6 Long Blades
 - Level 1.7 Throwing
 * Level 3.0 Dodging
 + Level 2.2 Stealth


You had 2 spell levels left.
You didn't know any spells.

Dungeon Overview and Level Annotations

Branches:
Dungeon (2/15)

Altars:
Cheibriados


Innate Abilities, Weirdness & Mutations

You cannot wear boots.
((Your serpentine skin is tough (AC +1).))
You have supernaturally acute eyesight.
((Armour fits poorly on your strangely shaped body.))
((Your system is resistant to poisons.))
((You cover ground very slowly.))
You have a slow metabolism.
You can spit poison.


Message History

The jackal bites you but does no damage. x2
The hobgoblin hits you.
* * * LOW HITPOINT WARNING * * *
The jackal bites you but does no damage.
Drink which item? (? for menu, Esc to quit)
Okay, then.
Wield which item (- for none, * to show all)? (? for menu, Esc to quit)
You are now empty-handed.
The adder bites you but does no damage.
Really attack barehanded? [Y]es or [N]o only, please.
Really attack barehanded? [Y]es or [N]o only, please.
Really attack barehanded? [Y]es or [N]o only, please.
Really attack barehanded?
You smack the adder!
The adder is severely wounded.
The jackal bites you but does no damage. x3
The adder bites you.
You die...

####.).......#
#....#.#.....#
#...<..+.....#
######.#.#%..[h#
#........###'#.# .#
#.#..........#....#
#..........###..#
#.......ghh.....#
#.......(♣h.....#
#.........S.....#
+...............#
#...............#
#...............#
#####..###......#
#..# #......# #..#
#......# #..
########


You could see an adder, 3 jackals and a hobgoblin.

Vanquished Creatures
  A gnoll (D:1)
  2 giant geckos (D:1)
  2 giant cockroaches (D:1)
  5 hobgoblins (D:1)
  6 jackals (D:1)
  2 kobolds (D:1)
  5 bats
  A giant newt (D:2)
  5 goblins
  4 rats (D:1)
33 creatures vanquished.

Notes
Turn   | Place    | Note
--------------------------------------------------------------
     0 | D:1      | epen the Naga Gladiator began the quest for the Orb.
     0 | D:1      | Reached XP level 1. HP: 19/19 MP: 1/1
    35 | D:1      | Reached skill level 1 in Stealth
   371 | D:1      | Reached XP level 2. HP: 23/26 MP: 2/2
   464 | D:1      | Found a snail-covered altar of Cheibriados.
   842 | D:1      | Reached XP level 3. HP: 19/32 MP: 3/3
  1843 | D:2      | HP: 1/32 [jackal (2)]
  1846 | D:2      | Slain by an adder

Vault maps used:
D:1:      eino_arrival_druids_welcome, cheibriados_altar_1
D:2:      bloody_trog, grunt_pakellas_basics

Skill      XL: |  1  2  3 |
---------------+----------+-----
Stealth        | 1 2 |  2.2
Dodging        | 3 |  3.0
Fighting       | |  2.0
Long Blades    | |  3.6
Throwing       | |  1.7

Action                   || total
-------------------------++-------
Melee: Long sword        ||   118
       Unarmed           ||     1
 Abil: Spit Poison       ||     5
  Use: Scroll            ||     2
       Potion            ||     1
 Stab: Sleeping          ||     3
  Eat: Chunk             ||     2
Armor: Leather armour    ||    47
       Skin              ||    10
       Ring mail         ||     9
Dodge: Dodged            ||   102
